 Dungeon Crawl Stone Soup version 0.22-a0-283-g1871b15 (webtiles) character file.

922 Amnesiac the Skirmisher (level 7, -9/44 HPs)
             Began as a Deep Elf Wizard on Mar 19, 2018.
             Hit by a stone thrown by an orc warrior (18 damage)
             ... on level 4 of the Dungeon.
             The game lasted 00:10:18 (4246 turns).

Amnesiac the Skirmisher (Deep Elf Wizard)           Turns: 4246, Time: 00:10:18

Health: -9/44      AC:  5    Str:  4    XL:     7   Next: 84%
Magic:  5/15       EV: 19    Int: 29    God:
Gold:   131        SH:  0    Dex: 13    Spells: 4/15 levels left

rFire    . . .     SeeInvis .   s - +0 trident
rCold    . . .     Gourm    .   (no shield)
rNeg     . . .     Faith    .   a - +0 robe
rPois    .         Spirit   .   i - +2 helmet
rElec    .         Reflect  .   (no cloak)
rCorr    .         Harm     .   (no gloves)
MR       .....                  (no boots)
Stlth    ++........             (no amulet)
HPRegen  0.14/turn              q - +4 ring of intelligence
MPRegen  0.14/turn              k - +4 ring of evasion

@: no status effects
A: no striking features
a: no special abilities


You were on level 4 of the Dungeon.
You were not hungry.

You visited 2 branches of the dungeon, and saw 5 of its levels.

You collected 131 gold pieces.

Inventory:

Hand Weapons
 s - a +0 trident (weapon)
Armour
 a - a +0 robe (worn)
 i - a +2 helmet (worn)
Jewellery
 j - an uncursed ring of ice
 k - a +4 ring of evasion (right hand)
 l - an uncursed ring of protection from fire
 q - a +4 ring of intelligence (left hand)
Wands
 r - a wand of polymorph (4)
Scrolls
 b - 2 scrolls of identify {!r, unknown}
 c - 4 scrolls of teleportation {!r, unknown}
 m - a scroll of fog {!r, unknown}
Potions
 e - 2 potions of cancellation {!q}
 f - a potion of invisibility {!q, unknown}
 g - a potion of curing {!q, unknown}
 h - 2 potions of degeneration {!q, unknown}
 n - a potion of flight {!q, unknown}
 o - a potion of agility {!q, unknown}
 p - a potion of brilliance {!q, unknown}
 t - a potion of mutation {!q, unknown}
 v - a potion of might {!q, unknown}
Comestibles
 d - 6 rations
 u - a chunk of flesh


   Skills:
 * Level 5.4 Fighting
 + Level 5.3 Dodging
 - Level 2.4 Stealth
 - Level 4.5 Spellcasting
 - Level 4.7 Conjurations
 - Level 1.1 Summonings
 - Level 1.1 Translocations


You had 4 spell levels left.
You knew the following spells:

 Your Spells              Type           Power        Failure   Level  Hunger
a - Magic Dart            Conj           ####         1%          1    None
b - Call Imp              Summ           ##......     6%          2    None
e - Mephitic Cloud        Conj/Pois/Air  ###.....     11%         3    #......
s - Conjure Flame         Conj/Fire      ###.....     8%          3    #......
v - Blink                 Tloc           N/A          6%          2    None


Dungeon Overview and Level Annotations

Branches:
Dungeon (4/15)             Temple (1/1) D:4

Altars:
Ashenzari
Dithmenos
Elyvilon
Fedhas
Gozag
Hepliaklqana
Kikubaaqudgha
Nemelex Xobeh
Qazlal
Ru
Trog
Vehumet
Wu Jian
Xom
Yredelemnul
Zin
The Shining One


Message History

* * * LOW HITPOINT WARNING * * *
You closely miss the orc.
The orc is moderately wounded.
The orc barely misses you.
You hit the orc but do no damage.
The orc is moderately wounded.
The orc barely misses you. x2
You hit the orc.
The orc is severely wounded.
The orc barely misses you.
You hit the orc.
The orc is almost dead.
The orc completely misses you.
Casting: Magic Dart (safe; 1% risk of failure)
Confirm with . or Enter, or press ? or * to list all spells.
Aiming: Mephitic Cloud (safe; 11% risk of failure)
Press: ? - help, Shift-Dir - straight line, f/p - orc
Aim: an orc, wielding a flail and wearing a ring mail (almost dead) That beam is likely to hit you.
Continue anyway?
The ball explodes into a vile cloud!
The stinking cloud engulfs the orc.
The orc is almost dead.
The stinking cloud engulfs the orc. x2; The stinking cloud engulfs you!
The stinking cloud engulfs the orc.
You are engulfed in noxious fumes.
You hear a shout! x2
The orc is engulfed in noxious fumes.
The orc appears confused.
The orc is engulfed in noxious fumes.
The orc appears confused.
The orc closely misses the orc.
The orc is engulfed in noxious fumes.
The orc appears confused.
The orc is engulfed in noxious fumes.
The orc appears confused.
The orc hits the orc with a flail!
The orc is killed!
The orc is engulfed in noxious fumes.
The orc appears confused.
The orc is engulfed in noxious fumes.
The orc appears confused.
The orc falls into the water!
The orc drowns.
You hear a splash. x2
The orc is engulfed in noxious fumes.
The orc appears confused.
The orc falls into the water!
The orc drowns.
You hear a splash. x2
You start resting.
An orc warrior comes into view. It is wielding a dire flail.
The orc warrior throws a stone.
The stone completely misses you.
The orc warrior throws a stone.
The stone closely misses you.
You see here a stone.
You see here a dagger.
The orc warrior throws a stone.
The stone closely misses you.
Things that are here:
a +0 dagger of flaming; a robe
There is a stone staircase leading up here.
You start resting.
Eating one of 2 chunks of flesh.
You eat one of the 2 chunks of flesh.
This raw flesh tastes terrible.
The orc warrior throws a stone.
The stone hits you!
* * * LOW HITPOINT WARNING * * *
Things that are here:
a stone; a mace The orc warrior throws a stone.
The stone closely misses you.
An orc comes into view. It is wielding a morningstar.
The orc priest shouts!
The orc shouts!
The orc warrior throws a stone.
The stone closely misses you.
Really quaff
e - 3 sapphire potions {!q}?
It was a potion of cancellation {!q}.
You feel magically purged.
The orc warrior throws a stone.
The stone hits you!!
You die...

#.........O............≈≈≈≈
#######.#.##.####....≈≈≈≈≈≈
#......O...).≈≈≈≈≈≈≈≈
###o##.####)≈≈≈≈≈≈...
#.o...# #)≈≈≈≈≈≈.>. #..####
##.≈≈≈≈≈≈... #..#
#o.≈≈≈≈≈≈≈≈≈ #.(####
#...≈≈≈≈≈≈≈≈
#..@..###...(.≈≈≈≈≈≈
##.##(##[..)....≈≈≈≈
#....<.[........(..
####.##.)#######..# #.##.o#
##.# #.##..# #.# #.##..####
#.# #........# #.#
####..##.# #.#


You could see an orc warrior, an orc priest and an orc.

Vanquished Creatures
  A yak (D:4)
  An ogre (D:4)
  4 crimson imps (D:3)
  A hound (D:4)
  A centaur skeleton (D:4)
  2 orc priests (D:4)
  4 orc wizards (D:4)
  An iguana (D:4)
  A worker ant (D:4)
  9 adders
  2 dart slugs
  5 leopard geckos
  9 orcs (D:4)
  2 ball pythons
  A giant cockroach (D:1)
  5 goblins
  9 hobgoblins
  14 jackals
  6 kobolds
  A quokka (D:3)
  10 bats
  3 frilled lizards
  8 rats
100 creatures vanquished.

Vanquished Creatures (collateral kills)
  The ghost of medis the Slasher, an amateur MfSk (D:3)
  A giant cockroach (D:3)
2 creatures vanquished.

Grand Total: 102 creatures vanquished

Notes
Turn   | Place    | Note
-------+----------+-------------------------------------------
     0 | D:1      | Amnesiac the Deep Elf Wizard began the quest for the Orb.
     0 | D:1      | Reached XP level 1. HP: 10/10 MP: 7/7
   179 | D:1      | Reached XP level 2. HP: 16/16 MP: 4/9
   184 | D:1      | Reached skill level 1 in Fighting
  1164 | D:2      | Reached XP level 3. HP: 21/21 MP: 3/11
  1168 | D:2      | Learned a level 2 spell: Blink
  1171 | D:2      | Learned a level 2 spell: Call Imp
  1175 | D:2      | Learned a level 3 spell: Conjure Flame
  1179 | D:2      | Learned a level 3 spell: Mephitic Cloud
  1287 | D:2      | Found a blossoming altar of Fedhas.
  1289 | D:2      | Found an ancient bone altar of Kikubaaqudgha.
  1373 | D:2      | Found a sacrificial altar of Ru.
  1697 | D:2      | Reached XP level 4. HP: 27/27 MP: 2/12
  2228 | D:3      | Noticed medis's ghost (amateur MfSk)
  2322 | D:3      | Killed medis's ghost
  2322 | D:3      | Reached XP level 5. HP: 30/31 MP: 1/13
  2648 | D:3      | Found a shimmering altar of Xom.
  2685 | D:3      | Reached XP level 6. HP: 37/37 MP: 0/14
  2884 | D:3      | Found a stormy altar of Qazlal.
  2911 | D:3      | Found a glowing silver altar of Zin.
  3308 | D:4      | Found a staircase to the Ecumenical Temple.
  3317 | Temple   | Entered the Ecumenical Temple
  3663 | D:4      | Reached XP level 7. HP: 43/43 MP: 2/15
  4184 | D:4      | Noticed a yak
  4184 | D:4      | an orc warrior changed into a yak
  4185 | D:4      | Reached skill level 5 in Fighting
  4188 | D:4      | Killed a yak
  4188 | D:4      | Reached skill level 5 in Dodging
  4246 | D:4      | Hit by a stone thrown by an orc warrior

Vault maps used:
D:1:      zaba_arrival_water, grunt_decor_fettered
D:2:      nicolae_overflow_crystal_walls, grunt_temple_overflow_growth_and_decay
D:3:      overflow_temple_1_default, nicolae_qazlal_eye_of_the_storm,
          first_ration, minivault_23, led_xom_imps
D:4:      dancing_weapons_uskayaw, temple_pool_b
Temple:   nicolae_temple_hex_pool

Skill      XL: |  1  2  3  4  5  6  7 |
---------------+----------------------+-----
Fighting       | 1 2 3 4 5 |  5.4
Conjurations   | 2 4 |  4.7
Dodging        | 3 4 5 |  5.3
Stealth        | |  2.4
Spellcasting   | |  4.5
Summonings     | |  1.1
Translocations | |  1.1

Action                   |  1- 3 |  4- 6 |  7- 9 || total
-------------------------+-------+-------+-------++-------
Melee: Unarmed           |       |     5 |       ||     5
       Trident           |       |    11 |    38 ||    49
       Dagger            |       |     3 |       ||     3
 Cast: Magic Dart        |    92 |   130 |    34 ||   256
       Call Imp          |       |     4 |     1 ||     5
       Conjure Flame     |       |     1 |     4 ||     5
       Mephitic Cloud    |       |     3 |     6 ||     9
Evoke: Wand              |       |       |     2 ||     2
  Use: Potion            |       |       |     1 ||     1
 Stab: Confused          |       |     2 |     2 ||     4
       Sleeping          |       |       |     1 ||     1
  Eat: Chunk             |     2 |     6 |     3 ||    11
Armor: Robe              |     6 |    15 |     3 ||    24
Dodge: Dodged            |    25 |    53 |    42 ||   120

Table legend:
 A = Spawn XP
 B = Non-spawn XP
 C = Spawn XP percentage of total XP
 D = Spawn monster count
 E = Non-spawn monster count
 F = Spawn count percentage of total count
 G = Total turns spent on level
                    A         B        C        D         E        F      G
               +---------+---------+-------+---------+---------+-------+---------
         Total |       0 |    1318 |   0.0 |       0 |     102 |   0.0 |  4246
               +---------+---------+-------+---------+---------+-------+---------
           D:1 |       0 |      39 |   0.0 |       0 |      20 |   0.0 |  1096
           D:2 |       0 |      75 |   0.0 |       0 |      17 |   0.0 |  1161
           D:3 |       0 |     466 |   0.0 |       0 |      39 |   0.0 |  1215
           D:4 |       0 |     738 |   0.0 |       0 |      26 |   0.0 |   678
               +---------+---------+-------+---------+---------+-------+---------
